 Dungeon Crawl Stone Soup version 0.21.1-1-g345015fe64 (webtiles) character file.

38 Kejsarherre the Digger (level 3, 0/20 HPs)
             Began as a Gargoyle Earth Elementalist on May 8, 2018.
             Slain by a goblin (5 damage)
             ... led by Robin
             ... on level 3 of the Dungeon.
             The game lasted 00:02:22 (907 turns).

Kejsarherre the Digger (Gargoyle Earth Elementalist) Turns: 907, Time: 00:02:23

Health: 0/20       AC:  5    Str: 11    XL:     3   Next: 43%
Magic:  2/6        EV: 12    Int: 16    God:
Gold:   68         SH:  0    Dex: 14    Spells: 6/7 levels left

rFire    . . .     SeeInvis .   g - +0 dagger
rCold    . . .     Gourm    .   (no shield)
rNeg     + . .     Faith    .   c - +0 robe
rPois    ∞         Spirit   .   (no helmet)
rElec    +         Reflect  .   (no cloak)
rCorr    .         Harm     .   (no gloves)
MR       .....                  (no boots)
Stlth    ++........             (no amulet)
HPRegen  0.06/turn              i - +4 ring of dexterity
MPRegen  0.10/turn              (no ring)

@: no status effects
A: negative energy resistance 1, electricity resistance, unbreathing,
petrification resistance, rot immunity, AC +3
a: no special abilities


You were on level 3 of the Dungeon.
You were not hungry.

You visited 1 branch of the dungeon, and saw 3 of its levels.

You collected 68 gold pieces.

Inventory:

Hand Weapons
 g - a +0 dagger (weapon)
Missiles
 b - 38 stones (quivered)
Armour
 c - a +0 robe (worn)
Jewellery
 i - a +4 ring of dexterity (left hand)
Scrolls
 a - a scroll of identify {unknown}
 h - a scroll of fog {unknown}
 j - a scroll of enchant weapon {unknown}
Potions
 f - a potion of resistance {unknown}
 k - a potion of lignification {unknown}
 l - a potion of degeneration {unknown}
 m - a potion of curing {unknown}
Books
 e - a book of Geomancy

   Spells                             Type                      Level
   a - Sandblast                      Earth                        1
   b - Passwall                       Transmutation/Earth          2
   c - Stone Arrow                    Conjuration/Earth            3
   d - Petrify                        Transmutation/Earth          4
   e - Lee's Rapid Deconstruction     Earth                        5
Comestibles
 d - 2 rations


   Skills:
 + Level 1.6 Fighting
 - Level 1.5 Dodging
 - Level 2.1 Stealth
 + Level 2.5 Spellcasting
   Level 0.7 Transmutations
 + Level 4.2 Earth Magic


You had 6 spell levels left.
You knew the following spells:

 Your Spells              Type           Power        Failure   Level  Hunger
a - Sandblast             Erth           ###...       3%          1    #......


Dungeon Overview and Level Annotations

Branches:
Dungeon (3/15)

Altars:


Innate Abilities, Weirdness & Mutations

You are resistant to torment.
Your stone body is resilient. (AC +3)
You are immune to poison.
You resist negative energy. (rN+)
You are resistant to electric shocks. (rElec)
You can survive without breathing.
You are immune to petrification.
You are immune to rotting.


Message History

Robin closely misses you.
You hit Robin but do no damage.
Robin is almost dead.
The goblin closely misses you. The goblin hits you.
You barely miss Robin.
Robin is almost dead.
The goblin hits you but does no damage. The goblin hits you.
Robin hits you with a whip.
You hit Robin.
Robin is almost dead.
The goblin hits you.
* * * LOW HITPOINT WARNING * * *
The goblin barely misses you. Robin hits you but does no damage.
You hit Robin but do no damage.
Robin is almost dead.
The goblin misses you. The goblin closely misses you.
You hit Robin.
You kill Robin!
The goblin hits you.
You die...

..# .. #.##. #
#.#. #.#.. #
#.#.##?##..
#..<.......
###.##....#
########g.# $.#
......g@g#†...##
##########....#
.#...# .....# ##
..# .# .#


You could see 3 goblins.

Vanquished Creatures
  Robin (D:3)
  A dart slug (D:1)
  A giant cockroach (D:3)
  3 goblins
  3 hobgoblins
  4 kobolds (D:1)
  A ball python (D:1)
  3 bats
  4 frilled lizards
  5 rats
26 creatures vanquished.

Notes
Turn   | Place    | Note
-------+----------+-------------------------------------------
     0 | D:1      | Kejsarherre the Gargoyle Earth Elementalist began the quest for the Orb.
     0 | D:1      | Reached XP level 1. HP: 10/10 MP: 3/3
   262 | D:1      | Reached XP level 2. HP: 13/16 MP: 0/5
   272 | D:1      | Reached skill level 1 in Fighting
   479 | D:1      | Reached skill level 4 in Earth Magic
   886 | D:3      | Reached XP level 3. HP: 17/20 MP: 6/6
   890 | D:3      | Noticed Robin
   907 | D:3      | Killed Robin
   907 | D:3      | Slain by a goblin

Skill      XL: |  1  2 |
---------------+-------+-----
Fighting       | 1 |  1.6
Earth Magic    | 4 |  4.2
Dodging        | |  1.5
Stealth        | |  2.1
Spellcasting   | |  2.5
Transmutations | |  0.7

Action                   || total
-------------------------++-------
Melee: Dagger            ||    61
       Unarmed           ||     3
 Cast: Sandblast         ||    21
 Stab: Sleeping          ||     2
Armor: Robe              ||    26
Dodge: Dodged            ||    60
